cohdb
Replays
Latest Replays
All Replays
Popular Replays
Top Player Replays
Match Explorer
How It Works
Community
CoH3 Stats
Reddit
Sign in to upload your games and track your stats! →
Sign in with Steam
Match 43339374
Unlisted
Match 43339374
Overview
Messages
Build Orders
End
Construct Section Command Post
Infantry Section
Infantry Section
Infantry Section
Infantry Section
Selects Air and Sea Battlegroup
Grenade Package
Selects Supply Surplus
Construct Resource Cache
Construct Resource Cache
Construct Platoon Command Post
Infantry Section
Selects UNKNOWN (223837)
Construct Company Command Post
Crusader II Medium Tank
不吃芹菜
Seraph
90WISHROCKX
陈浩南
MrGlaucus
WastedMetalProductions
Prof. Dr. Redbullet (GER)
377480068
0
0
Comments
sign in to comment!
No comments posted yet!